 Dungeon Crawl Stone Soup version 0.21.0-24-g2553a33 (webtiles) character file.

95 Mgcat the Chopper (level 4, -1/33 HPs)
             Began as a Demonspawn Warper on Jan 19, 2018.
             Slain by Grinder (3 damage)
             ... on level 2 of the Dungeon.
             The game lasted 00:04:12 (2239 turns).

Mgcat the Chopper (Demonspawn Warper)               Turns: 2239, Time: 00:04:13

Health: -1/33      AC:  5    Str: 13    XL:     4   Next: 40%
Magic:  7/7        EV: 11    Int: 16    God:
Gold:   59         SH:  0    Dex: 14    Spells: 7/7 levels left

rFire    . . .     SeeInvis +   a - +0 hand axe
rCold    . . .     Gourm    .   (no shield)
rNeg     . . .     Faith    .   s - +0 ring mail
rPois    .         Spirit   .   (no helmet)
rElec    .         Reflect  .   (no cloak)
rCorr    .         Harm     .   (no gloves)
MR       .....                  (no boots)
Stlth    +.........             (no amulet)
HPRegen  0.11/turn              o - ring of stealth
MPRegen  0.10/turn              p - ring of loudness (curse)

@: no status effects
A: thin skeletal structure 1, see invisible, clever 1, spiny 1, subdued magic 1
a: no special abilities


You were on level 2 of the Dungeon.
You were not hungry.

You visited 1 branch of the dungeon, and saw 3 of its levels.

You collected 59 gold pieces.

Inventory:

Hand Weapons
 a - a +0 hand axe (weapon)
Armour
 b - a +0 leather armour
 s - a +0 ring mail (worn)
Jewellery
 o - a ring of stealth (left hand)
 p - a cursed ring of loudness (right hand)
Scrolls
 d - 2 scrolls of blinking
 g - 2 scrolls of enchant weapon {unknown}
 i - a scroll of noise {unknown}
 j - 2 scrolls of immolation {unknown}
 l - 2 scrolls of identify {unknown}
 r - 2 scrolls of remove curse {unknown}
 t - a scroll of teleportation {unknown}
 w - a scroll of fog {unknown}
Potions
 h - 2 potions of berserk rage {unknown}
 k - a potion of cancellation {unknown}
 m - 2 potions of flight {unknown}
 n - 2 potions of heal wounds {unknown}
 q - a potion of agility {unknown}
 u - a potion of might {unknown}
Books
 c - a book of Spatial Translocations

   Spells                             Type                      Level
   a - Blink                          Translocation                2
   b - Shroud of Golubria             Charms/Translocation         2
   c - Lesser Beckoning               Translocation                3
   d - Gell's Gravitas                Translocation                3
   e - Teleport Other                 Translocation                3
   f - Passage of Golubria            Translocation                4
Comestibles
 f - 4 rations
 v - a chunk of flesh


   Skills:
 - Level 2.0 Fighting
 + Level 4.3 Axes
 - Level 0.8 Throwing
 - Level 0.8 Armour
 - Level 1.7 Dodging
 - Level 2.0 Spellcasting
   Level 2.6 Translocations


You had 7 spell levels left.
You didn't know any spells.

Dungeon Overview and Level Annotations

Branches:
Dungeon (3/15)

Altars:

Annotations:
D:2 Grinder


Innate Abilities, Weirdness & Mutations

You have a somewhat thin skeletal structure. (Dex +2, Stealth)
You are partially covered in sharp spines.
You have supernaturally acute eyesight. (SInv)
Your mind is acute. (Int +2)
Your spells are a little easier to cast, but a little less powerful.


Message History

The tomahawk of dispersal barely misses Grinder.
Grinder gestures at you. You resist with significant effort.
Grinder gestures at you. Pain shoots through your body!
* * * LOW HITPOINT WARNING * * *
Unknown command.
Unknown command.
Unknown command.
There's nothing to close nearby.
You aren't carrying any items that you can evoke.
Unknown command.
Unknown command.
Unknown command.
Sorry, you're not good enough to have a special ability.
You see here a stone.
You hit Grinder.
Grinder is heavily wounded.
Grinder is struck by your spines. Grinder hits you.
You die...

##...## ##....<##
############
#.......#
#......[...#
#.......#
#.........)#
#.......#
#..........)
##.....##
#..........#
##...>.##
############
#.......#######
#....(..5@.(..####
#.....((#####....##
##.....##
####..#### ##...###
##....# ## ###...#
########.####.
###.##
#.....##...... #..#
#.....##......
########.#
#.....#..#....
#........#
#.......##.###


You could see Grinder.

Vanquished Creatures
  2 adders (D:2)
  3 gnolls (D:2)
  2 bats
  A giant cockroach (D:1)
  10 goblins
  4 hobgoblins (D:1)
  8 jackals
  7 kobolds
  A ball python (D:1)
  7 rats
45 creatures vanquished.

Notes
Turn   | Place    | Note
-------+----------+-------------------------------------------
     0 | D:1      | Mgcat the Demonspawn Warper began the quest for the Orb.
     0 | D:1      | Reached XP level 1. HP: 16/16 MP: 3/3
    25 | D:1      | Reached skill level 2 in Axes
   361 | D:1      | Gained mutation: You are partially covered in sharp spines. [demonic ancestry]
   361 | D:1      | Reached XP level 2. HP: 6/22 MP: 5/5
   953 | D:1      | Reached skill level 3 in Axes
  1159 | D:1      | Reached XP level 3. HP: 21/27 MP: 6/6
  1676 | D:2      | Reached skill level 4 in Axes
  1676 | D:2      | Gained mutation: You have a somewhat thin skeletal structure. (Dex +2, Stealth) [demonic ancestry]
  1676 | D:2      | Reached XP level 4. HP: 12/33 MP: 7/7
  1740 | D:2      | Gained mutation: Your spells are a little easier to cast, but a little less powerful. [potion of mutation]
  1740 | D:2      | Gained mutation: Your mind is acute. (Int +2) [potion of mutation]
  1740 | D:2      | Gained mutation: You have supernaturally acute eyesight. (SInv) [potion of mutation]
  2219 | D:3      | Noticed Grinder
  2222 | D:3      | Paralysed by Grinder for 3 turns
  2234 | D:2      | HP: 1/33 [Grinder/nerve-wracking pain (1)]
  2239 | D:2      | Slain by Grinder

Skill      XL: |  1  2  3 |
---------------+----------+-----
Axes           | 2 3 4 |  4.3
Fighting       | |  2.0
Throwing       | |  0.8
Armour         | |  0.8
Dodging        | |  1.7
Spellcasting   | |  2.0
Translocations | |  2.6

Action                   |  1- 3 |  4- 6 || total
-------------------------+-------+-------++-------
Melee: Hand axe          |   132 |    20 ||   152
Throw: Tomahawk          |       |     5 ||     5
  Use: Potion            |       |     1 ||     1
  Eat: Chunk             |     2 |     2 ||     4
Armor: Leather armour    |    37 |       ||    37
       Ring mail         |     2 |     8 ||    10
Dodge: Dodged            |    84 |    16 ||   100
